 Dungeon Crawl Stone Soup version 0.29.1 (webtiles) character file.

Game seed: 12508406638522564514

54 AttackTheMoon the Sneak (level 3, -4/18 HPs)
             Began as a Spriggan Brigand on Sept 12, 2022.
             Was a Believer of Elyvilon.
             Slain by Grinder (9 damage)
             ... on level 3 of the Dungeon.
             The game lasted 00:02:39 (2211 turns).

AttackTheMoon the Sneak (Spriggan Brigand)          Turns: 2211, Time: 00:02:40

Health: -4/18      AC:  3    Str:  7    XL:     3   Next: 66%
Magic:  4/4        EV: 17    Int: 12    God:    Elyvilon [**....]
Gold:   202        SH:  0    Dex: 18    Spells: 2/2 levels left

rFire   . . .      SeeInvis +   a - +2 dagger
rCold   . . .      Faith    .   (no shield)
rNeg    . . .      Spirit   .   b - +0 robe
rPois   .          Reflect  .   (helmet restricted)
rElec   .          Harm     .   c - +0 cloak
rCorr   .          Rampage  .   (gloves unavailable)
Will    .....                   (boots unavailable)
Stlth   +++.......              (no amulet)
HPRegen 0.06/turn               (no ring)
MPRegen 0.09/turn               (no ring)

@: very quick
A: very small, no large weapons, unfitting armour, see invisible, speed 3
a: Renounce Religion, Purification, Heal Other


You were on level 3 of the Dungeon.
You worshipped Elyvilon.
Elyvilon was pleased with you.
You visited 1 branch of the dungeon, and saw 3 of its levels.

You collected 202 gold pieces.

Inventory:

Hand Weapons
 a - a +2 dagger (weapon)
Missiles
 d - 8 poisoned darts
 e - 2 curare-tipped darts
Armour
 b - a +0 robe (worn)
 c - a +0 cloak (worn)
Jewellery
 p - an amulet of magic regeneration
Potions
 f - a potion of mutation
 g - a potion of haste
 h - a potion of lignification
 j - 5 potions of curing
 l - a potion of brilliance {unknown}


   Skills:
 + Level 2.0 Fighting
 + Level 2.6 Short Blades
 + Level 2.4 Throwing
 + Level 2.4 Dodging
 + Level 6.3 Stealth
 + Level 0.5 Invocations


You had 2 spell levels left.
You didn't know any spells.
Your spell library contained the following spells:

 Spells                   Type           Power      Damage    Failure   Level
 Beastly Appendage        Tmut           0%         N/A       32%         1
 Wereblood                Tmut           0%         N/A       45%         2
 Spider Form              Tmut/Pois      0%         N/A       69%         3


Dungeon Overview and Level Annotations

Branches:
Dungeon (3/15)

Altars:
Elyvilon
Sif Muna
Wu Jian

Shops:
D:3 (

Annotations:
D:3 Grinder


Innate Abilities, Weirdness & Mutations

You are very small and have problems with some larger weapons.
You are too small for most types of armour.
You have supernaturally acute eyesight. (SInv)
You cover ground extremely quickly. (Speed+++)


Message History

You are too injured to fight recklessly!
You are too injured to fight recklessly!
You are too injured to fight recklessly!
You closely miss Grinder.
Grinder is lightly wounded.
Grinder completely misses you.
You closely miss Grinder.
Grinder is lightly wounded.
Grinder says, "Tell me all your secrets, or I'll kill you."
Grinder completely misses you.
You closely miss Grinder.
Grinder is lightly wounded.
Grinder misses you.
You barely miss Grinder.
Grinder is lightly wounded.
Grinder closely misses you.
Throw: 3 darts (curare)
Press: ? - help, Q - select action, (/) - cycle Shift-Dir - straight line, f - Grinder
Aim: Grinder (lightly wounded, 60% to hit)
You throw a curare-tipped dart. The curare-tipped dart hits Grinder.
Grinder is lightly wounded.
Grinder hits you but does no damage.
Throw: 2 darts (curare)
Press: ? - help, Q - select action, (/) - cycle Shift-Dir - straight line, f/p - Grinder
Aim: Grinder (lightly wounded, 60% to hit)
Okay, then.
Throw: 9 darts (poison)
Press: ? - help, Q - select action, (/) - cycle Shift-Dir - straight line, f/p - Grinder
Aim: Grinder (lightly wounded, 60% to hit)
You throw a poisoned dart.
The poisoned dart barely misses Grinder.
Press: ? - help, Dir - move target, f/p - Grinder Heal: Grinder (lightly wounded, uninterested) Grinder would be completely unfazed by your meagre offer of peace.
Unknown command.
You hit Grinder but do no damage.
Grinder is lightly wounded.
Grinder hits you!
Ouch! That really hurt!
You die...

#.#.#.. #. . ##.#.#.# ####### #.
. ...#.#.#.# #...?.# #.#+###+#
..#.#.#.# #.....# #.#..##.#
#.#.....# #.....# #.....#.#
##.#...### #.....# ##..PP....
.........# +....(# ##..P∩P.#.#
##.#...#.# #...5.# #.....P....
##.....#.#####..@..####.#.)...#.#
.................................
#####..#.########.###########.#.#
######...# #.#.......###.#.#
.....#.#.# #.#.#####...†....
.....#+#.## #.#.# #..##.#.#
..........#######.#.# #.......#
..........#.......#.# ####....#
....................# #....#


You could see Grinder.

Vanquished Creatures
  3 worms
  2 dart slugs (D:1)
  8 bats
  2 endoplasms
  4 giant cockroaches
  A goblin (D:1)
  2 hobgoblins (D:1)
  2 jackals (D:2)
  4 kobolds
  A quokka (D:2)
  2 ball pythons
  3 frilled lizards (D:2)
  10 rats
44 creatures vanquished.

Notes
Turn   | Place    | Note
-------+----------+-------------------------------------------
     0 | D:1      | AttackTheMoon the Spriggan Brigand began the quest for the
                  | Orb.
     0 | D:1      | Reached XP level 1. HP: 10/10 MP: 2/2
   214 | D:1      | You fall into a shaft and drop 1 floor!
   268 | D:2      | Reached skill level 6 in Stealth
   279 | D:1      | Reached XP level 2. HP: 15/15 MP: 3/3
   564 | D:1      | Found a faded altar of an unknown god.
   573 | D:1      | Prayed at the altar of an unknown god.
   573 | D:1      | Became a worshipper of Elyvilon the Healer
   573 | D:1      | Reached * piety under Elyvilon
   947 | D:2      | Reached XP level 3. HP: 18/18 MP: 4/4
  1944 | D:3      | Found a shimmering blue altar of Sif Muna.
  1944 | D:3      | Found an ornate altar of the Wu Jian Council.
  1953 | D:3      | Reached ** piety under Elyvilon
  2138 | D:3      | Found Turph's Antique Weapon Shop.
  2161 | D:3      | Identified the +4 mace "Gyeloe" {freeze, Will+ Int-2 Dex+3}
  2195 | D:3      | Noticed Grinder
  2211 | D:3      | Slain by Grinder

Illustrated notes

Levels and vault maps discovered:
D:1:      dpeg_arrival_ratfight, layout_loops_ring,
          dreamdust_ecumenical_altar_hidden_monk_grotto
D:2:      minmay_razor_zed, layout_basic, serial_glass, glass_columns_a,
          glass_columns_a, glass_columns_c, glass_columns_a, glass_columns_a,
          glass_columns_a, glass_columns_a, glass_columns_a, glass_columns_a,
          glass_columns_c, glass_columns_c, glass_columns_a, glass_columns_b,
          glass_columns_b
D:3:      layout_basic, beargit_hepliaklqana_dungeon_heroes,
          gammafunk_temple_overflow_wave, serial_shops,
          nicolae_shop_overgrown_old_shop, kennysheep_potato, uniq_grinder,
          uniq_robin

Skill      XL: |  1  2  3 |
---------------+----------+-----
Stealth        | 6 |  6.3
Dodging        | 2 |  2.4
Fighting       | 2 |  2.0
Short Blades   | |  2.6
Throwing       | |  2.4
Invocations    | |  0.5

Action                   || total
-------------------------++-------
Melee: Dagger            ||   126
       Punch             ||     2
Throw: Dart              ||     2
  Use: Scroll            ||     8
 Stab: Sleeping          ||    19
Armor: Robe              ||     6
Dodge: Dodged            ||    56
